 Dungeon Crawl Stone Soup version 0.21-a0-641-geef9d7f (webtiles) character file.

6013 Monsterracer the Geomancer (level 10, -2/59 HPs)
             Began as a Gargoyle Earth Elementalist on Dec 30, 2017.
             Was a Follower of Vehumet.
             Slain by a yak (8 damage)
             ... on level 1 of the Lair of Beasts.
             The game lasted 00:15:08 (9835 turns).

Monsterracer the Geomancer (GrEE)                   Turns: 9835, Time: 00:15:08

Health: -2/59      AC: 18    Str: 11    XL:     10   Next: 86%
Magic:  2/20       EV: 13    Int: 20    God:    Vehumet [*.....]
Gold:   250        SH:  0    Dex: 10    Spells: 11/22 levels left

rFire    . . .     SeeInvis +   b - staff of earth
rCold    + . .     Gourm    .   (no shield)
rNeg     + . .     Faith    .   x - +2 robe {rF+}
rPois    ∞         Spirit   .   m - +2 helmet {SInv}
rElec    +         Reflect  .   n - +1 cloak
rCorr    +         Harm     .   s - +1 pair of gloves
MR       .....                  (no boots)
Stlth    ++........             (no amulet)
HPRegen  0.19/turn              y - ring of resist corrosion {!d}
MPRegen  0.17/turn              e - ring of ice

@: frozen, very slow
A: negative energy resistance 1, electricity resistance, unbreathing,
petrification resistance, rot immunity, AC +7
a: Renounce Religion


You were on level 1 of the Lair of Beasts.
You worshipped Vehumet.
Vehumet was aware of your devotion.
You were hungry.

You visited 3 branches of the dungeon, and saw 11 of its levels.
You also visited: Ossuary.

You collected 448 gold pieces.
You spent 198 gold pieces at shops.

Inventory:

Hand Weapons
 a - the +8 trident of Battle {pain, rC+}
   (You found it on level 5 of the Dungeon)

   In the hands of one skilled in necromantic magic, it inflicts extra damage on
   living creatures.
   It protects you from cold.
Missiles
 c - 2 throwing nets
 t - 144 stones (quivered)
Armour
 k - a scarf of cloud immunity
 m - a +2 helmet of see invisible (worn)
 n - a +1 cloak (worn)
 s - a +1 pair of gloves (worn)
 x - a +2 robe of fire resistance (worn)
 D - a +0 ring mail of fire resistance
Magical Staves
 b - an uncursed staff of earth (weapon)
 w - an uncursed staff of fire
Jewellery
 e - a ring of ice (right hand)
 y - a ring of resist corrosion (left hand) {!d}
Wands
 h - a wand of flame (23)
 i - a wand of iceblast (12)
 u - a wand of digging (10)
Scrolls
 j - a scroll of fog
 q - a scroll of enchant weapon
 v - 2 scrolls of fear {!r}
 z - a scroll of amnesia
 C - a scroll of teleportation
Potions
 f - 2 potions of heal wounds
 g - 5 potions of curing
 l - a potion of haste
 o - a potion of cancellation
 p - a potion of berserk rage {!q}
 r - 5 potions of mutation {!q}
 A - a potion of lignification
 B - a potion of brilliance {unknown}
Comestibles
 d - 30 rations


   Skills:
 + Level 5.3 Fighting
 - Level 2.3(2.8) Polearms
 + Level 2.4(3.0) Staves
 + Level 3.9 Dodging
 - Level 2.1 Stealth
 + Level 6.7 Spellcasting
 + Level 7.3 Conjurations
 - Level 0.7 Transmutations
 * Level 12.1 Earth Magic


You had 11 spell levels left.
You knew the following spells:

 Your Spells              Type           Power        Failure   Level  Hunger
a - Sandblast             Erth           ######       1%          1    None
c - Stone Arrow           Conj/Erth      ######       1%          3    #......
d - Lee's Rapid Deconstr  Erth           ######....   1%          5    #####..
x - Passwall              Tmut/Erth      #####.....   1%          2    None


Dungeon Overview and Level Annotations

Branches:
Dungeon (9/15)             Temple (1/1) D:7            Lair (1/6) D:8
    Orc: D:9-12

Altars:
Ashenzari
Cheibriados
Dithmenos
Elyvilon
Fedhas
Gozag
Hepliaklqana
Kikubaaqudgha
Makhleb
Nemelex Xobeh
Okawaru
Qazlal
Ru
Sif Muna
Trog
Uskayaw
Vehumet
Wu Jian
Xom
Yredelemnul
Zin
The Shining One

Shops:
D:7 [   D:8 =


Innate Abilities, Weirdness & Mutations

You are resistant to torment.
Your stone body is resilient. (AC +7)
You are immune to poison.
You resist negative energy. (rN+)
You are resistant to electric shocks. (rElec)
You can survive without breathing.
You are immune to petrification.
You are immune to rotting.


Message History

You hit the yak.
The yak is lightly wounded.
Casting: Stone Arrow
Confirm with . or Enter, or press ? or * to list all spells.
Aiming: Lee's Rapid Deconstruction
Press: ? - help, Dir - move target cursor You feel a surge of power!
The wall shatters!
The blast of rock fragments hits the yak.
The yak is heavily wounded.
The blast of rock fragments hits the yak.
The yak is moderately wounded.
The blast of rock fragments hits the yak.
The yak is severely wounded.
You hear an angry hiss.
The yak barely misses you.
A rime drake comes into view.
You now have 14/19 mp.
Casting: Lee's Rapid Deconstruction
Confirm with . or Enter, or press ? or * to list all spells.
Aiming: Lee's Rapid Deconstruction
Press: ? - help, Dir - move target cursor
Okay, then.
The yak gores you but does no damage.
You hit the yak but do no damage.
The yak is lightly wounded.
The yak misses you. The yak gores you.
You take 5 damage, and have 54/59 hp.
Casting: Lee's Rapid Deconstruction
Confirm with . or Enter, or press ? or * to list all spells.
Aiming: Lee's Rapid Deconstruction
Press: ? - help, Dir - move target cursor You feel a surge of power!
The wall shatters!
The blast of rock fragments hits the yak.
You kill the yak!
Vehumet accepts your kill.
Your Earth Magic skill increases to level 12!
The blast of rock fragments hits the yak.
The yak is almost dead.
The blast of rock fragments hits the yak.
The yak is heavily wounded.
You hear an angry hiss.
The yak completely misses you.
You now have 9/20 mp.
Casting: Lee's Rapid Deconstruction
Confirm with . or Enter, or press ? or * to list all spells.
Aiming: Lee's Rapid Deconstruction
Press: ? - help, Dir - move target cursor
Okay, then.
The yak gores you but does no damage.
Casting: Lee's Rapid Deconstruction
Confirm with . or Enter, or press ? or * to list all spells.
Aiming: Lee's Rapid Deconstruction
Press: ? - help, Dir - move target cursor You feel a surge of power!
The wall shatters!
The blast of rock fragments hits the yak.
You kill the yak!
Vehumet accepts your kill.
The blast of rock fragments hits the yak.
You kill the yak!
Vehumet accepts your kill.
The blast of rock fragments hits the yak.
You kill the yak!
Vehumet accepts your kill.
You are feeling hungry.
You now have 5/20 mp.
The rime drake breathes ice at you. The flash freeze hits you!
You are encased in ice.
You take 17 damage, and have 37/59 hp.
MASSIVE DAMAGE!!
Casting: Lee's Rapid Deconstruction
Confirm with . or Enter, or press ? or * to list all spells.
Aiming: Lee's Rapid Deconstruction
Press: ? - help, Dir - move target cursor You feel a surge of power!
The wall shatters!
The blast of rock fragments hits the komodo dragon.
The komodo dragon is heavily wounded.
The blast of rock fragments hits the yak.
The yak is almost dead.
The blast of rock fragments hits the rime drake.
The rime drake is almost dead.
The yak gores you but does no damage.
You now have 0/20 mp.
Put on which piece of jewellery? (? for menu, Esc to quit)
You feel more attuned to ice.
e - a ring of ice (right hand)
The yak closely misses you. The yak gores you but does no damage.
The ice encasing you melts away.
You hit the yak but do no damage.
The yak is severely wounded.
The yak gores you. The yak misses you.
You take 5 damage, and have 33/59 hp.
The rime drake breathes ice at you. The flash freeze hits you!
You partially resist.
* * * LOW HITPOINT WARNING * * *
You are encased in ice.
You take 15 damage, and have 19/59 hp.
MASSIVE DAMAGE!!
The yak gores you!
* * * LOW HITPOINT WARNING * * *
The yak gores you!
You die...

##..## #....### #.#..##
##[..### #####.....## #....##.
##..........## ##....#.
#............#### #....##.
##.............#.# #....#..
###................## #......#
#.....)....lYk......###...####
##...(.......Y@.......##..##
#P......................##.###
#................##...?.....#
####...........#######....#.#
###.......P## ####.###
#..#..#### ### #####.# ###


You could see a komodo dragon, 2 yaks and a rime drake.

Vanquished Creatures
  Erica (D:8)
  A two-headed ogre (D:8)
  The ghost of Monsterracer the Reanimator, a novice DDNe (D:5)
  Grinder (D:6)
  A hippogriff (Lair:1)
  Sigmund (D:5)
  4 yaks (Lair:1)
  Menkaure (D:6)
  A water moccasin (Lair:1)
  Duvessa (D:7)
  3 porcupines (Lair:1)
  An orc warrior (D:7)
  2 sky beasts
  A necrophage (D:6)
  3 ogres
  2 crocodiles
  7 bullfrogs
  Dowan (D:7)
  A wyvern skeleton (D:4)
  A scorpion (D:7)
  5 wights (D:7)
  5 howler monkeys
  A crimson imp (D:5)
  A bullfrog zombie (D:6)
  6 orc priests
  A jelly (D:6)
  3 hounds
  3 orc wizards
  3 iguanas
  A hell rat (D:8)
  3 worker ants
  A hound zombie (D:6)
  4 mummies
  2 worker ant zombies
  A river rat (D:8)
  10 adders
  An ooze (D:1)
  2 adder skeletons (D:4)
  4 worms
  2 dart slugs
  A leopard gecko (D:5)
  17 orcs
  10 bats
  3 giant cockroaches
  6 goblins
  4 hobgoblins
  14 jackals
  5 quokkas
  2 ball pythons
  A ball python skeleton (D:5)
  3 frilled lizards
  A gnoll zombie (Ossuary)
  9 kobolds
  A leopard gecko skeleton (D:4)
  2 orc zombies (Ossuary)
  A quokka zombie (D:7)
  8 rats
182 creatures vanquished.

Notes
Turn   | Place    | Note
-------+----------+-------------------------------------------
     0 | D:1      | Monsterracer the Gargoyle Earth Elementalist began the quest for the Orb.
     0 | D:1      | Reached XP level 1. HP: 10/10 MP: 3/3
   311 | D:1      | Reached skill level 4 in Earth Magic
   311 | D:1      | Reached XP level 2. HP: 10/15 MP: 3/5
   315 | D:1      | Learned a level 2 spell: Passwall
  1151 | D:1      | You fall through a shaft!
  1153 | D:2      | Reached XP level 3. HP: 19/19 MP: 3/6
  1165 | D:2      | Learned a level 3 spell: Stone Arrow
  1645 | D:2      | Reached skill level 5 in Earth Magic
  1645 | D:2      | Reached XP level 4. HP: 24/24 MP: 2/7
  1922 | D:2      | Reached skill level 1 in Conjurations
  2016 | D:2      | Found a sparkling altar of Nemelex Xobeh.
  2475 | D:3      | Reached XP level 5. HP: 26/28 MP: 0/9
  2912 | D:3      | Found a white marble altar of Elyvilon.
  3232 | D:3      | Learned a level 2 spell: Passwall
  3267 | D:4      | Reached skill level 6 in Earth Magic
  3332 | D:4      | Noticed an ogre
  3340 | D:4      | Killed an ogre
  3340 | D:4      | Reached XP level 6. HP: 18/32 MP: 1/11
  3347 | D:4      | Learned a level 5 spell: Lee's Rapid Deconstruction
  4070 | D:4      | Reached skill level 7 in Earth Magic
  4260 | D:5      | Entered Level 5 of the Dungeon
  4274 | D:5      | Found a sand-covered staircase.
  4280 | Ossuary  | Entered an ossuary
  4328 | Ossuary  | HP: 9/32 [mummy (9)]
  4341 | D:5      | Reached XP level 7. HP: 8/36 MP: 6/12
  4584 | D:5      | Noticed Monsterracer's ghost (novice DDNe)
  4596 | D:5      | HP: 18/36 [Monsterracer's ghost/vampiric draining (7)]
  4613 | D:5      | HP: 8/36 [orc/flail (5)]
  4636 | D:5      | HP: 6/36 [quokka (2)]
  5334 | D:5      | Got a twisted trident
  5337 | D:5      | Identified the +8 trident of Battle {pain, rC+} (You found it on level 5 of the Dungeon)
  5441 | D:5      | Noticed Sigmund
  5448 | D:5      | Killed Sigmund
  5448 | D:5      | Reached skill level 8 in Earth Magic
  5729 | D:5      | HP: 16/36 [Monsterracer's ghost/nerve-wracking pain (3)]
  5732 | D:5      | Killed Monsterracer's ghost
  5732 | D:5      | Reached XP level 8. HP: 18/41 MP: 0/15
  5846 | D:6      | Reached skill level 9 in Earth Magic
  6099 | D:6      | Noticed Menkaure
  6110 | D:6      | Killed Menkaure
  6110 | D:6      | Reached skill level 1 in Fighting
  6110 | D:6      | Reached skill level 5 in Spellcasting
  6110 | D:6      | Reached skill level 5 in Conjurations
  6361 | D:6      | Noticed Grinder
  6389 | D:6      | Paralysed by something for 5 turns
  6431 | D:6      | Killed Grinder
  6431 | D:6      | Reached XP level 9. HP: 49/49 MP: 9/16
  6569 | D:6      | Reached skill level 10 in Earth Magic
  7049 | D:7      | Noticed Dowan
  7053 | D:7      | Noticed Duvessa
  7082 | D:7      | Killed Duvessa
  7084 | D:7      | Killed Dowan
  7397 | D:7      | Found an ornate altar of the Wu Jian Council.
  7445 | D:7      | Found an opulent altar of Gozag.
  7446 | D:7      | Found a basalt altar of Yredelemnul.
  7446 | D:7      | Found a shimmering altar of Xom.
  7446 | D:7      | Found a shadowy altar of Dithmenos.
  7447 | D:7      | Found a blossoming altar of Fedhas.
  7448 | D:7      | Found a burning altar of Makhleb.
  7455 | D:7      | Found a staircase to the Ecumenical Temple.
  7594 | D:7      | Found a hazy altar of Hepliaklqana.
  7689 | D:7      | Found Xaiguax's Antique Armour Shop.
  7696 | D:7      | Bought a helmet for 99 gold pieces
  7810 | D:7      | Bought a helmet for 99 gold pieces
  7929 | D:7      | Reached skill level 1 in Polearms
  8097 | D:7      | You fall through a shaft for 2 floors!
  8194 | D:8      | Found Cyhupysasm's Jewellery Shoppe.
  8265 | Temple   | Entered the Ecumenical Temple
  8280 | Temple   | Became a worshipper of Vehumet
  8585 | D:8      | Noticed Erica
  8631 | D:8      | Killed Erica
  8631 | D:8      | Reached skill level 11 in Earth Magic
  8631 | D:8      | Reached XP level 10. HP: 52/58 MP: 5/19
  8825 | D:8      | Noticed a death yak
  8826 | D:8      | Noticed a death yak
  8902 | D:8      | Noticed a death yak
  9024 | D:8      | Found a staircase to the Lair.
  9024 | D:8      | Noticed a two-headed ogre
  9035 | D:8      | Killed a two-headed ogre
  9035 | D:8      | Reached skill level 1 in Staves
  9105 | D:8      | Reached * piety under Vehumet
  9105 | D:8      | Offered knowledge of Shock by Vehumet.
  9214 | Lair:1   | Entered Level 1 of the Lair of Beasts
  9449 | Lair:1   | Reached skill level 5 in Fighting
  9818 | Lair:1   | Reached skill level 12 in Earth Magic
  9834 | Lair:1   | HP: 19/59 [rime drake/flash freeze (15)]
  9835 | Lair:1   | HP: 6/59 [yak (13)]
  9835 | Lair:1   | Slain by a yak

Vault maps used:
D:1:      grunt_arrival_lava_bath
D:2:      nemelex_xobeh_ov_fountains_minmay
D:3:      serial_bayou_pond_e, elyvilon_altar_3
D:4:      first_ration
D:5:      lightli_ossuary_entry_decrepit_ruins, uniq_sigmund
D:6:      uniq_grinder, uniq_menkaure
D:7:      grunt_temple_overflow_open, marbit_many_paths,
          nicolae_overflow_crystal_walls, minmay_temple_entry_purple_smoke,
          serial_shops, shop, grunt_ogre_cave, uniq_duvessa
D:8:      dpeg_lair_monsters, serial_shops, shop, shop, uniq_erica
D:9:      uniq_psyche
Temple:   cyrus_circular_temple
Lair:1:   lemuel_fruit_tree, grunt_megastairs_3
Ossuary:  ossuary_tomb_3

Skill      XL: |  1  2  3  4  5  6  7  8  9 10 |
---------------+-------------------------------+-----
Earth Magic    | 4 5 6 7 8 9 11 12 | 12.1
Conjurations   | 1 2 3 4 5 6 7 |  7.3
Spellcasting   | 3 4 5 6 |  6.7
Fighting       | 2 4 5 |  5.3
Dodging        | 3 |  3.9
Polearms       | 2 |  2.3
Staves         | 2 |  2.4
Stealth        | |  2.1
Transmutations | |  0.7

Action                   |  1- 3 |  4- 6 |  7- 9 | 10-12 || total
-------------------------+-------+-------+-------+-------++-------
Melee: Unarmed           |    25 |       |       |       ||    25
       Dagger            |    62 |   117 |    17 |       ||   196
       Short sword       |       |     4 |       |       ||     4
       Mace              |       |    22 |    16 |       ||    38
       Trident           |       |       |   112 |       ||   112
       Staff             |       |       |     2 |    60 ||    62
 Cast: Sandblast         |    30 |    46 |    28 |    17 ||   121
       Stone Arrow       |     1 |     5 |    46 |    29 ||    81
       Lee's Rapid Decon |       |       |     1 |     5 ||     6
  Use: Scroll            |       |    12 |     9 |       ||    21
 Stab: Sleeping          |     2 |     5 |     7 |     1 ||    15
  Eat: Chunk             |     3 |     9 |    15 |     6 ||    33
Armor: Robe              |    42 |    82 |    84 |    38 ||   246
Dodge: Dodged            |    79 |   121 |   113 |    74 ||   387

Table legend:
 A = Spawn XP
 B = Non-spawn XP
 C = Spawn XP percentage of total XP
 D = Spawn monster count
 E = Non-spawn monster count
 F = Spawn count percentage of total count
 G = Total turns spent on level
                    A         B        C        D         E        F      G
               +---------+---------+-------+---------+---------+-------+---------
         Total |       0 |    8590 |   0.0 |       0 |     182 |   0.0 |  9835
               +---------+---------+-------+---------+---------+-------+---------
           D:1 |       0 |      28 |   0.0 |       0 |      15 |   0.0 |  1151
           D:2 |       0 |     102 |   0.0 |       0 |      29 |   0.0 |  1307
           D:3 |       0 |     113 |   0.0 |       0 |      23 |   0.0 |   779
           D:4 |       0 |     316 |   0.0 |       0 |      16 |   0.0 |  1272
           D:5 |       0 |     862 |   0.0 |       0 |      14 |   0.0 |  1283
           D:6 |       0 |    1101 |   0.0 |       0 |      17 |   0.0 |  1139
           D:7 |       0 |    1440 |   0.0 |       0 |      26 |   0.0 |  1565
           D:8 |       0 |    2534 |   0.0 |       0 |      21 |   0.0 |   569
           D:9 |       0 |     111 |   0.0 |       0 |       4 |   0.0 |    42
        Lair:1 |       0 |    1944 |   0.0 |       0 |      12 |   0.0 |   621
       Ossuary |       0 |      39 |   0.0 |       0 |       5 |   0.0 |    50
               +---------+---------+-------+---------+---------+-------+---------

Vault maps used:
D:1:      grunt_arrival_lava_bath
D:2:      nemelex_xobeh_ov_fountains_minmay
D:3:      serial_bayou_pond_e, elyvilon_altar_3
D:4:      first_ration
D:5:      lightli_ossuary_entry_decrepit_ruins, uniq_sigmund
D:6:      uniq_grinder, uniq_menkaure
D:7:      grunt_temple_overflow_open, marbit_many_paths,
          nicolae_overflow_crystal_walls, minmay_temple_entry_purple_smoke,
          serial_shops, shop, grunt_ogre_cave, uniq_duvessa
D:8:      dpeg_lair_monsters, serial_shops, shop, shop, uniq_erica
D:9:      uniq_psyche
Temple:   cyrus_circular_temple
Lair:1:   lemuel_fruit_tree, grunt_megastairs_3
Ossuary:  ossuary_tomb_3
